 Dungeon Crawl Stone Soup version 0.32-a0-933-ga8fa3634e4 (webtiles) character file.

Game seed: 600992783393520661

1013 KennySheep the Shooter (level 8, -8/46 HPs)
             Began as a Deep Elf Hedge Wizard on Apr 15, 2024.
             Was a Believer of Qazlal.
             Killed by nerve-wracking pain
             ... invoked by an orc priest
              (14 damage)
             ... on level 5 of the Dungeon.
             The game lasted 00:18:51 (5119 turns).

KennySheep the Shooter (Deep Elf Hedge Wizard)      Turns: 5119, Time: 00:18:52

Health: -8/46      AC:  3    Str:  7    XL:     8   Next: 1%
Magic:  21/21      EV: 17    Int: 22    God:    Qazlal [**....]
Gold:   121        SH:  2    Dex: 14    Spells: 11/21 levels left

rFire   . . .        a - +0 sling
rCold   . . .        (no shield)
rNeg    . . .        r - +0 robe
rPois   .            p - +0 helmet
rElec   .            (no cloak)
rCorr   .            (no gloves)
SInv    .            (no boots)
Will    .....        (no amulet)
Stlth   ++           e - +5 ring of evasion
HPRegen 0.27/turn    u - +4 ring of slaying
MPRegen 0.17/turn

%: no passive effects
@: hasted, very quick
A: no striking features
a: Renounce Religion, Upheaval


You were on level 5 of the Dungeon.
You worshipped Qazlal.
Qazlal was pleased with you.
You visited 1 branch of the dungeon, and saw 5 of its levels.

You collected 327 gold pieces.
You spent 206 gold pieces at shops.

Inventory:

Hand Weapons
 a - a +0 sling (weapon)
 b - a +4 spear
 t - a +0 dagger
Armour
 c - a +0 hat
 p - a +0 helmet (worn)
 r - a +0 robe (worn)
Jewellery
 e - a +5 ring of evasion (left hand)
 u - a +4 ring of slaying (right hand)
Wands
 y - a wand of digging (6)
Scrolls
 g - 2 scrolls of fog
 h - 2 scrolls of fear
 i - a scroll of poison
 k - 4 scrolls of identify
 m - 2 scrolls of teleportation
 n - a scroll of brand weapon
 o - a scroll of noise {unknown}
 q - 2 scrolls of silence
 s - a scroll of vulnerability {unknown}
 v - a scroll of amnesia {unknown}
 x - a scroll of acquirement {unknown}
Potions
 d - a potion of magic
 f - 3 potions of mutation
 l - a potion of resistance
 w - a potion of might {unknown}
 z - a potion of invisibility {unknown}


   Skills:
 + Level 3.1 Fighting
 * Level 7.4 Ranged Weapons
 - Level 4.1 Dodging
 - Level 4.0 Stealth
 + Level 7.3 Spellcasting
 - Level 1.1 Conjurations
 - Level 1.1 Summonings
 - Level 1.1 Translocations
 - Level 0.5 Invocations


You had 11 spell levels left.
You knew the following spells:

 Your Spells              Type           Power      Damage    Failure   Level
a - Magic Dart            Conj           48%        1d5       4%          1
b - Blink                 Tloc           24%        N/A       8%          2
c - Call Imp              Summ           24%        N/A       8%          2
d - Cigotuvi's Dreadful   Necr/Alch/Air  16%        N/A       12%         2
e - Mephitic Cloud        Conj/Alch/Air  9%         N/A       21%         3

Your spell library contained the following spells:

 Spells                   Type           Power      Damage    Failure   Level
 Slow                     Hex            32%        N/A       8%          1
 Summon Ice Beast         Ice/Summ       10%        N/A       19%         3
 Sigil of Binding         Hex            8%         N/A       24%         3
 Summon Mana Viper        Hex/Summ       10%        N/A       87%         5
 Death Channel            Necr           4%         N/A       100%        6
 Sculpt Simulacrum        Ice/Alch       4%         N/A       100%        6
 Monstrous Menagerie      Summ           6%         N/A       100%        7


Dungeon Overview and Level Annotations

Branches:
Dungeon (5/15)
 Temple: D:4-7

Altars:
Qazlal
Uskayaw

Shops:
D:2 ?   D:4 *

Annotations:
D:3 1 runed translucent door, Crazy Yiuf


Message History

An orc wizard comes into view. It is wielding a +0 dagger.
The adder completely misses you.
You shoot a sling bullet. The sling bullet hits the adder.
The adder is almost dead.
The adder bites you but does no damage.
You shoot a sling bullet.
The sling bullet barely misses the adder.
The sling bullet hits the ogre.
The ogre is severely wounded.
The adder barely misses you.
You shoot a sling bullet. The sling bullet hits the adder!
You kill the adder!
Qazlal accepts your kill.
The orc priest mumbles some strange prayers to Beogh against you.
Beogh smites you!
You shoot a sling bullet. The sling bullet hits the ogre.
The ogre is almost dead.
The ogre hits you with a +0 giant club.
You shoot a sling bullet. The sling bullet hits the ogre.
You kill the ogre!
Qazlal accepts your kill.
The orc priest calls down the wrath of Beogh upon you.
Beogh smites you!
You have reached level 8!
You feel clever.
You shoot a sling bullet.
The sling bullet barely misses the orc priest.
The sling bullet hits the orc wizard.
The orc wizard is moderately wounded.
The orc priest calls down the wrath of Beogh upon you.
Pain shoots through your body!
* * * LOW HITPOINT WARNING * * *
You shoot a sling bullet.
The sling bullet closely misses the orc priest.
The sling bullet hits the orc wizard.
The orc wizard is heavily wounded.
It was a potion of haste.
You feel yourself speed up.
The orc priest calls down the wrath of Beogh upon you.
Pain shoots through your body!
You die...

#.# #.# #.#
##..#.. #.#
#.....# #.#
#.....## # #.#
#......#.# #.#
#........ #.#
########.....#
#.#
##.@oo..#.....#
#.#
##..####......?#
#.#.##..##
###....(#
#.#....##
##....# #.####.#
.#:### #.###..#
o ... #......#
.. ####
#####...# ..
....# O..


You could see an orc priest and an orc wizard.

Vanquished Creatures
  Pikel (D:4)
  An ogre (D:5)
  2 jellies
  2 orc priests
  3 hounds
  An iguana (D:4)
  8 adders
  3 gnolls (D:3)
  2 dart slugs
  2 ribbon worms
  11 orcs
  7 ball pythons
  7 bats
  An endoplasm (D:1)
  A giant cockroach (D:2)
  11 goblins
  10 hobgoblins
  7 jackals
  2 quokkas
  A frilled lizard (D:1)
  6 kobolds
  5 rats
94 creatures vanquished.

Vanquished Creatures (collateral kills)
  An iguana (D:4)
  A gnoll (D:3)
  3 orcs
  An endoplasm (D:3)
  2 jackals (D:3)
  A quokka (D:2)
  A frilled lizard (D:2)
  2 rats (D:2)
12 creatures vanquished.

Grand Total: 106 creatures vanquished

Notes
Turn   | Place    | Note
-------+----------+-------------------------------------------
     0 | D:1      | KennySheep the Deep Elf Hedge Wizard began the quest for
                  | the Orb.
     0 | D:1      | Reached XP level 1. HP: 10/10 MP: 7/7
   222 | D:1      | Reached XP level 2. HP: 15/15 MP: 0/9
   317 | D:1      | Learned a level 2 spell: Blink
   320 | D:1      | Learned a level 2 spell: Call Imp
   323 | D:1      | Learned a level 2 spell: Cigotuvi's Dreadful Rot
  1172 | D:2      | Reached skill level 5 in Spellcasting
  1172 | D:2      | Reached XP level 3. HP: 19/19 MP: 5/11
  1343 | D:2      | Learned a level 3 spell: Mephitic Cloud
  2058 | D:2      | Found Aggap's Magic Scroll Boutique.
  2066 | D:2      | Bought a scroll of teleportation for 33 gold pieces
  2066 | D:2      | Bought a scroll of brand weapon for 104 gold pieces
  2293 | D:3      | Reached XP level 4. HP: 7/24 MP: 4/13
  2590 | D:3      | Found a faded altar of an unknown god.
  2707 | D:3      | Prayed at the altar of an unknown god.
  2707 | D:3      | Became a worshipper of Qazlal Stormbringer
  2707 | D:3      | Reached * piety under Qazlal
  2998 | D:3      | Reached XP level 5. HP: 22/28 MP: 5/15
  3572 | D:3      | Found a runed translucent door.
  3573 | D:3      | Noticed Crazy Yiuf
  3919 | D:4      | Found Soisset's Assorted Antiques.
  3934 | D:4      | Reached skill level 1 in Fighting
  3938 | D:4      | Bought a coppery potion for 21 gold pieces
  3938 | D:4      | Bought a scroll labelled PUGYURA PYSO for 24 gold pieces
  3938 | D:4      | Bought a scroll labelled RIAKEM CAMI for 24 gold pieces
  4182 | D:4      | Noticed a lemure
  4186 | D:4      | Noticed a lemure
  4218 | D:4      | Noticed Pikel
  4232 | D:4      | Killed Pikel
  4233 | D:4      | Reached XP level 6. HP: 36/36 MP: 12/17
  4233 | D:4      | Reached XP level 7. HP: 40/40 MP: 13/19
  4520 | D:4      | Found a hide-covered altar of Uskayaw.
  4650 | D:4      | Reached ** piety under Qazlal
  4843 | D:5      | Entered Level 5 of the Dungeon
  5117 | D:5      | Reached XP level 8. HP: 16/46 MP: 21/21
  5119 | D:5      | Killed from afar by an orc priest

Illustrated notes

Levels and vault maps discovered:
D:1:      heliophobic_arrival_enchanted_forest, layout_basic
D:2:      layout_basic, serial_shops, shop, cheibrodos_gnoll_hut
D:3:      layout_basic, hellmonk_ecumenical_altar_zigzags, chequers_mini_garden,
          uniq_crazy_yiuf_cottage
D:4:      layout_loops_ring, nicolae_overflow_hidden_temple, serial_shops, shop,
          uniq_pikel
D:5:      layout_basic, nemelex_dance_club_becter, fedhas_altar_fruit_tree,
          ashenzari_altar_1, temple_green, kb_lookout_dungeons_type,
          minmay_manual_moon

Skill      XL: |  1  2  3  4  5  6  7 |
---------------+----------------------+-----
Stealth        | 3 4 |  4.0
Dodging        | 3 4 |  4.1
Spellcasting   | 5 6 7 |  7.3
Ranged Weapons | 6 7 |  7.4
Fighting       | 2 3 |  3.1
Conjurations   | |  1.1
Summonings     | |  1.1
Translocations | |  1.1
Invocations    | |  0.5

Action                     |  1- 3 |  4- 6 |  7- 9 || total
---------------------------+-------+-------+-------++-------
  Melee: Dagger            |    50 |     3 |       ||    53
   Fire: Sling             |       |    76 |    77 ||   153
   Cast: Magic Dart        |   106 |    52 |       ||   158
         Call Imp          |     5 |     4 |     1 ||    10
         Blink             |     1 |       |       ||     1
         Mephitic Cloud    |       |     1 |       ||     1
    Use: Scroll            |     5 |     1 |       ||     6
         Potion            |       |     2 |     2 ||     4
   Stab: Sleeping          |     6 |       |       ||     6
 Armour: Robe              |    46 |    33 |     9 ||    88
  Dodge: Dodged            |    72 |    66 |    24 ||   162
  Block: Other             |       |     2 |     1 ||     3

Table legend: (Time is in decaauts)
 A = Elapsed time spent in this place.
 B = Non-inter-level travel time spent in this place.
 C = Inter-level travel time spent in this place.
 D = Time resting spent in this place.
 E = Time spent auto-exploring this place.
 F = Levels seen in this place.
 G = Mean time per level.
                   A        B        C        D        E       F      G
               +--------+--------+--------+--------+--------+-----+--------+
         Total |   5144 |   4896 |    248 |    563 |   3499 |   5 | 1028.8 |
       Dungeon |   5144 |   4896 |    248 |    563 |   3499 |   5 | 1028.8 |
               +--------+--------+--------+--------+--------+-----+--------+

Top non-repeatable levels by time:
     D:3: 1626 daAuts
     D:2: 1177 daAuts
     D:1: 1130 daAuts
     D:4: 933 daAuts
     D:5: 277 daAuts
